Map: Moondance

Players

Galeforce

  • Race: Protoss Protoss
  • League: Master
  • Spawn Location: 12:00

Rengen - Winner!

  • Race: Protoss Protoss
  • Spawn Location: 6:00

Event: DreamHack SC2 Masters 2022 Atlanta (Offline)

VOD

Have the link to the VOD?

Description

Time

  • Played on: Nov. 18, 2022, 11:29 a.m.
  • Length: 15:30

All games in this series

Show
View Real Time Build Order
Export as new Build Order

Galeforce Protoss 

Build Orders: Oracle Opening, Blink Stalkers 

Get SALT Encoding   

  12  0:00  Probe  
  13  0:12  Probe  
  14  0:17  Pylon  
  14  0:24  Probe (Chrono Boost)  
  16  0:37  Probe (Chrono Boost)  
  16  0:38  Gateway  
  16  0:42  Probe (Chrono Boost)  
  16  0:47  Assimilator  
  17  0:52  Probe (Chrono Boost)  
  17  0:54  Assimilator  
  18  1:04  Probe (Chrono Boost)  
  18  1:07  Gateway  
  19  1:13  Probe (Chrono Boost)  
  20  1:18  Probe  
  20  1:25  Cybernetics Core  
  21  1:31  Probe  
  22  1:37  Pylon  
  22  1:43  Probe  
  23  1:56  Probe  
  24  2:02  Adept, Stargate  
  24  2:03  Adept  
  28  2:10  Warp Gate  
  28  2:14  Pylon  
  28  2:16  Probe  
  29  2:28  Probe  
  30  2:43  Oracle (Chrono Boost)  
  31  2:44  Probe  
  34  2:55  Pylon  
  34  3:03  Nexus  
  34  3:12  Stalker  
  33  3:15  Twilight Council  
  33  3:17  Probe  
  34  3:25  Stalker  
  36  3:37  Gateway  
  36  3:39  Pylon  
  36  3:48  Blink (Chrono Boost)  
  36  3:50  Probe  
  37  4:01  Stalker  
  37  4:05  Probe  
  38  4:16  Probe  
  39  4:17  Probe, Stalker  
  42  4:27  Stalker  
  42  4:28  Probe  
  43  4:36  Stalker  
  42  4:41  Stalker  
  36  4:54  Stalker  
  36  4:55  Probe x2  
  36  4:59  Shield Battery  
  40  5:00  Stalker  
  40  5:05  Stalker  
  44  5:08  Probe  
  45  5:16  Probe  
  45  5:20  Probe  
  45  5:21  Stalker  
  49  5:23  Stalker  
  51  5:28  Probe  
  51  5:33  Probe  
  51  5:34  Pylon  
  53  5:36  Pylon  
  53  5:40  Probe  
  54  5:42  Assimilator  
  54  5:54  Stalker  
  54  5:55  Gateway  
  56  5:57  Stalker  
  56  6:00  Probe x2  
  56  6:01  Charge (Chrono Boost)  
  60  6:10  Stalker  
  60  6:25  Stalker x2  
  60  6:31  Probe x2  
  66  6:37  Stalker  
  68  6:43  Probe  
  68  6:44  Probe  
  70  6:52  Zealot  
  68  6:54  Zealot  
  62  7:16  Nexus  
  62  7:29  Pylon  
  62  7:31  Pylon  
  62  7:34  Gateway  
  62  7:35  Pylon  
  62  7:36  Pylon  
  62  7:37  Gateway  
  62  7:47  Probe x2  
  64  7:51  Pylon  
  64  7:52  Pylon  
  64  7:53  Stalker x3  
  64  7:55  Shield Battery  
  70  8:03  Forge  
  70  8:11  Gateway  
  70  8:12  Gateway  
  70  8:13  Gateway  
  70  8:18  Gateway, Probe x2  
  72  8:21  Gateway  
  72  8:25  Zealot x2  
  76  8:29  Protoss Ground Weapons Level 1 (Chrono Boost)  
  76  8:34  Zealot  
  76  8:36  Probe (Chrono Boost)  
  76  8:37  Templar Archives  
  76  8:41  Probe (Chrono Boost)  
  81  8:44  Probe (Chrono Boost)  
  81  8:50  Stalker  
  81  8:52  Probe (Chrono Boost)  
  81  8:53  Stalker  
  81  8:54  Probe  
  87  9:00  Zealot x2  
  87  9:02  Probe  
  92  9:09  Stalker x2  
  93  9:18  High Templar  
  93  9:19  High Templar  
  93  9:20  High Templar  
  93  9:21  High Templar  
  93  9:22  Zealot x3  
  93  9:23  Archon  
  107  9:25  Archon  
  105  9:37  Nexus  
  105  9:38  Pylon  
  105  9:43  Robotics Facility  
  105  9:45  Zealot  
  105  9:46  Zealot  
  105  9:52  Probe x3  
  112  9:56  High Templar  
  112  9:58  Zealot x3  
  120  10:05  High Templar  
  122  10:08  Zealot x3  
  122  10:10  Archon, Probe x2  
  130  10:15  Shield Battery  
  130  10:17  Pylon  
  132  10:38  Stalker x2  
  132  10:39  Pylon  
  132  10:41  Pylon x2  
  135  10:45  Observer (Chrono Boost)  
  135  10:52  Stalker x2  
  135  10:55  Observer (Chrono Boost)  
  140  11:05  Assimilator  
  140  11:06  Nexus, Assimilator  
  140  11:09  Photon Cannon  
  140  11:10  Photon Cannon  
  140  11:13  Warp Prism (Chrono Boost)  
  140  11:15  Probe x3  
  145  11:21  Zealot x3, Protoss Ground Weapons Level 2 (Chrono Boost)  
  147  11:42  Probe x3  
  147  11:47  Stalker x5  
  152  11:54  Probe, Stalker x2  
  164  12:05  Observer  
  165  12:08  Robotics Bay  
  165  12:18  Probe x3  
  168  12:29  High Templar x2  
  158  12:31  Zealot x7  
  158  12:35  Archon  
  167  12:42  Zealot  
  158  12:55  Disruptor  
  158  12:56  Zealot  
  149  12:59  Zealot x5  
  149  13:00  Zealot  
  145  13:16  Zealot x3  
  143  13:21  Zealot x5  
  144  13:27  Probe x2  
  144  13:28  Probe x2  
  146  13:37  Disruptor (Chrono Boost)  
  146  13:40  Zealot x3  
  147  13:43  Zealot x6  
  147  13:48  Dark Shrine, Probe  
  163  13:52  Nexus  
  160  14:00  Pylon  
  160  14:11  Photon Cannon  
  160  14:12  Photon Cannon x2  
  160  14:13  Disruptor  
  160  14:16  Robotics Facility  
  163  14:25  Zealot x2  
  163  14:26  Zealot  
  169  14:37  Stalker x3  
  169  14:38  Stalker  
  176  14:39  Probe x2  
  178  14:48  Probe x2  
  178  14:50  Assimilator x2  
  178  14:51  Probe  
  181  14:53  High Templar x3  
  181  14:59  Pylon  
  142  15:05  Archon  
  142  15:07  Stalker x4  
  113  15:22  Zealot x2  
  113  15:23  Zealot  
Show
View Real Time Build Order
Export as new Build Order

Rengen Protoss - Winner!

Build Orders: Blink Stalkers 

Get SALT Encoding   

  12  0:01  Probe  
  13  0:13  Probe  
  14  0:17  Pylon  
  14  0:25  Probe (Chrono Boost)  
  15  0:37  Gateway  
  15  0:38  Probe (Chrono Boost)  
  16  0:44  Probe (Chrono Boost)  
  16  0:46  Assimilator  
  17  0:52  Probe  
  17  0:55  Assimilator  
  18  1:04  Probe  
  18  1:09  Gateway  
  19  1:16  Probe (Chrono Boost)  
  20  1:25  Cybernetics Core  
  20  1:28  Probe (Chrono Boost)  
  21  1:33  Probe (Chrono Boost)  
  21  1:36  Pylon  
  22  1:42  Probe  
  23  1:56  Probe  
  23  2:00  Warp Gate (Chrono Boost)  
  24  2:03  Stalker x2  
  24  2:08  Pylon  
  28  2:33  Stalker x2  
  32  2:41  Shield Battery  
  32  3:13  Nexus  
  32  3:16  Twilight Council  
  32  3:21  Pylon  
  32  3:24  Probe (Chrono Boost)  
  33  3:32  Pylon  
  34  3:36  Probe (Chrono Boost)  
  34  3:41  Stalker  
  34  3:43  Stalker  
  34  3:45  Probe  
  39  3:53  Blink (Chrono Boost)  
  39  4:05  Probe  
  40  4:15  Shield Battery, Sentry  
  42  4:17  Probe  
  43  4:30  Probe  
  44  4:35  Probe  
  43  4:38  Stalker x2  
  43  4:42  Probe (Chrono Boost)  
  43  4:54  Probe (Chrono Boost)  
  43  4:55  Probe (Chrono Boost)  
  44  5:01  Probe (Chrono Boost)  
  44  5:03  Probe (Chrono Boost)  
  44  5:04  Sentry x2  
  50  5:08  Probe  
  50  5:14  Probe  
  52  5:20  Probe  
  53  5:26  Probe  
  54  5:29  Stalker  
  54  5:34  Stalker  
  54  5:35  Probe (Chrono Boost)  
  59  5:36  Nexus  
  59  5:38  Probe (Chrono Boost)  
  59  5:41  Pylon  
  60  5:48  Probe (Chrono Boost)  
  60  5:49  Probe (Chrono Boost)  
  62  5:52  Assimilator  
  62  5:53  Pylon  
  62  5:56  Probe  
  63  6:00  Gateway  
  63  6:01  Stalker  
  65  6:06  Shield Battery  
  65  6:08  Probe x2  
  67  6:13  Stalker  
  69  6:27  Stalker  
  69  6:28  Shield Battery  
  71  6:38  Shield Battery  
  71  6:40  Stalker  
  73  6:50  Stalker  
  73  6:52  Probe x2  
  75  6:59  Stalker, Pylon  
  75  7:00  Probe  
  76  7:04  Gateway  
  76  7:08  Gateway  
  76  7:09  Probe x2  
  76  7:14  Stalker  
  80  7:22  Probe  
  81  7:25  Shield Battery  
  81  7:30  Stalker  
  81  7:31  Stalker  
  65  7:37  Charge (Chrono Boost)  
  85  7:39  Probe, Stalker  
  85  7:40  Probe  
  89  7:47  Probe  
  90  7:51  Pylon  
  90  7:52  Probe  
  90  7:56  Probe, Forge  
  90  7:57  Stalker  
  94  8:03  Gateway  
  94  8:10  Probe  
  95  8:13  Stalker x4  
  95  8:18  Probe x2  
  95  8:19  Assimilator  
  105  8:22  Protoss Ground Weapons Level 1 (Chrono Boost)  
  105  8:29  Photon Cannon  
  105  8:33  Pylon  
  105  8:34  Stalker  
  105  8:36  Dark Shrine  
  105  8:39  Stalker x2  
  111  8:42  Probe  
  111  8:48  Nexus  
  112  8:54  Sentry  
  114  8:56  Probe, Stalker  
  114  8:57  Probe  
  114  9:00  Probe  
  119  9:04  Robotics Facility  
  119  9:17  Stalker x3  
  125  9:24  Pylon x2  
  125  9:28  Photon Cannon  
  125  9:29  Photon Cannon  
  125  9:39  Shield Battery  
  125  9:40  Photon Cannon  
  125  9:41  Photon Cannon  
  125  9:42  Probe x2, Pylon  
  128  9:45  Probe  
  128  9:50  Zealot x2, Stalker  
  134  9:53  Zealot  
  134  9:54  Probe  
  134  9:56  Zealot  
  139  10:00  Zealot  
  141  10:11  Protoss Ground Weapons Level 2 (Chrono Boost)  
  141  10:12  Observer (Chrono Boost)  
  142  10:14  Dark Templar x3  
  142  10:16  Zealot  
  142  10:18  Probe x3  
  153  10:26  Photon Cannon  
  153  10:27  Pylon  
  153  10:28  Robotics Bay  
  153  10:29  Probe  
  153  10:30  Probe  
  153  10:32  Probe  
  156  10:41  Zealot x3  
  162  10:45  Probe x2  
  162  10:47  Dark Templar  
  166  10:50  Immortal (Chrono Boost)  
  166  10:52  Probe  
  166  10:56  Zealot  
  171  11:00  Pylon  
  171  11:04  Pylon  
  171  11:05  Gateway  
  171  11:06  Gateway  
  171  11:08  Pylon  
  171  11:09  Pylon  
  171  11:11  Assimilator  
  171  11:13  Colossus (Chrono Boost), Pylon  
  171  11:14  Assimilator  
  171  11:19  Archon  
  171  11:20  Probe x2  
  171  11:21  Archon, Probe  
  171  11:22  Dark Templar x3  
  171  11:23  Warp Prism (Chrono Boost)  
  180  11:25  Pylon  
  180  11:28  Archon  
  180  11:32  Zealot x3  
  188  11:53  Zealot  
  188  11:55  Zealot, Dark Templar x2  
  188  11:56  Zealot x2  
  188  11:59  Disruptor (Chrono Boost)  
  188  12:00  Archon  
  194  12:06  Assimilator  
  194  12:07  Pylon  
  197  12:09  Pylon  
  195  12:15  Nexus  
  195  12:16  Zealot x2  
  195  12:18  Pylon  
  195  12:19  Pylon  
  199  12:31  Nexus  
  199  12:38  Photon Cannon  
  199  12:40  Photon Cannon  
  199  12:41  Photon Cannon  
  199  12:43  Shield Battery  
  199  12:47  Robotics Facility  
  199  12:49  Pylon  
  197  12:55  Zealot  
  189  13:07  Zealot x5  
  197  13:19  Dark Templar x3  
  195  13:26  Disruptor (Chrono Boost)  
  188  13:38  Stalker x2  
  188  13:39  Stalker x3  
  186  13:44  Pylon  
  186  13:46  Disruptor (Chrono Boost), Assimilator  
  182  13:49  Photon Cannon, Assimilator  
  182  13:53  Photon Cannon  
  185  13:58  Disruptor (Chrono Boost)  
  188  14:09  Gateway  
  186  14:10  Zealot x3, Dark Templar x3  
  186  14:11  Zealot  
  186  14:12  Gateway  
  186  14:13  Nexus  
  186  14:15  Pylon x2  
  188  14:41  Stalker x5  
  188  14:42  Disruptor  
  199  14:53  Gateway  
  199  14:54  Photon Cannon  
  199  14:57  Gateway  
  199  14:59  Stalker  
  199  15:06  Stalker x3  
  200  15:19  Stalker x5  
  200  15:20  Stalker  
  196  15:25  Stalker  
Tags
 
Add a new tag
Caveats
  • Supply blocks, unpowered buildings, or Contaminate may cause inaccurate times.
  • Supply counts are checked every 10 seconds.